 Dungeon Crawl Stone Soup version 0.23.2-30-g0e89c35649 (webtiles) character file.

Game seed: 4881581882177943553

1447 Artanis the Chopper (level 8, 0/74 HPs)
             Began as a Hill Orc Fighter on June 20, 2019.
             Was a Follower of Trog.
             Slain by a jelly (1 damage)
             ... on level 7 of the Dungeon.
             The game lasted 00:40:48 (5878 turns).

Artanis the Chopper (Hill Orc Fighter)              Turns: 5878, Time: 00:40:49

Health: 0/74       AC: -6    Str: 21    XL:     8   Next: 75%
Magic:  8/8        EV:  4    Int:  8    God:    Trog [*.....]
Gold:   301        SH:  9    Dex: 10    Spells: 7/7 levels left

rFire    . . .     SeeInvis .   a - +0 war axe
rCold    . . .     Gourm    .   c - +0 shield
rNeg     . . .     Faith    .   D - +0 plate armour
rPois    .         Spirit   .   q - +0 helmet (curse)
rElec    .         Reflect  .   u - +0 cloak
rCorr    .         Harm     .   w - +0 pair of gloves
MR       .....                  (no boots)
Stlth    ..........             (no amulet)
HPRegen  0.22/turn              (no ring)
MPRegen  0.11/turn              (no ring)

@: corroded
A: no striking features
a: Berserk, Renounce Religion


You were on level 7 of the Dungeon.
You worshipped Trog.
Trog was aware of your devotion.
You were not hungry.

You visited 2 branches of the dungeon, and saw 8 of its levels.

You collected 301 gold pieces.

Inventory:

Hand Weapons
 a - a +0 war axe (weapon)
 l - a +0 mace
 B - a +0 hand crossbow
 F - a +0 battleaxe
Missiles
 o - 2 curare-tipped needles
 s - 60 bolts
Armour
 b - a +0 scale mail
 c - a +0 shield (worn)
 q - a cursed +0 helmet (worn)
 u - a +0 cloak (worn)
 w - a +0 pair of gloves (worn)
 D - a +0 plate armour (worn)
 H - a +2 cloak of invisibility
Wands
 G - a wand of random effects (16)
Scrolls
 d - a scroll of enchant weapon {unknown}
 g - 2 scrolls of enchant armour
 i - 3 scrolls of teleportation
 k - 3 scrolls of blinking
 m - 2 scrolls of magic mapping {unknown}
 t - 2 scrolls of immolation
 v - 2 scrolls of fear {unknown}
 y - 2 scrolls of amnesia
 z - 3 scrolls of remove curse {unknown}
 A - a scroll of fog {unknown}
 C - a scroll of vulnerability {unknown}
 E - 3 scrolls of identify
Potions
 e - a potion of experience {unknown}
 f - 4 potions of curing {unknown}
 h - a potion of ambrosia {unknown}
 j - a potion of mutation {unknown}
 n - 2 potions of agility {unknown}
 r - 2 potions of heal wounds
 x - 2 potions of invisibility {unknown}
Comestibles
 p - 6 rations


   Skills:
 + Level 7.7 Fighting
 + Level 7.8 Axes
 + Level 3.0 Crossbows
 + Level 7.1 Armour
 - Level 3.2 Shields


You had 7 spell levels left.
You didn't know any spells.
Your spell library was empty.

Dungeon Overview and Level Annotations

Branches:
Dungeon (7/15)             Temple (1/1) D:5

Altars:
Cheibriados
Dithmenos
Fedhas
Hepliaklqana
Kikubaaqudgha
Nemelex Xobeh
Okawaru
Qazlal
Ru
Sif Muna
Trog
Vehumet
Wu Jian
Xom
Zin
The Shining One

Shops:
D:5 *=(:   D:6 (


Message History

You slash the jelly! The acid corrodes you!
Your hands burn!
The jelly is severely wounded.
The jelly hits you but does no damage. The jelly hits you.
The acid corrodes you!
You are splashed with acid!
You hit the jelly.
Your hands burn!
The jelly is almost dead.
The jelly hits you. The acid corrodes you!
You are splashed with acid!
* * * LOW HITPOINT WARNING * * *
You hit the jelly.
Your hands burn!
* * * LOW HITPOINT WARNING * * *
The jelly is almost dead.
The jelly hits you.
* * * LOW HITPOINT WARNING * * *
The acid corrodes you!
You are splashed with acid!
* * * LOW HITPOINT WARNING * * *
You hit the jelly but do no damage.
Your hands burn!
* * * LOW HITPOINT WARNING * * *
The jelly is almost dead.
The jelly hits you.
You die...

#...# ... #. #...##
... #. #....# $..[ #.
####....## ...(.#.
.........#
...#.######....#######
.(............(.....
#J#######.#.##.####
#.@.......#.##>....
###########.#######
#.......#..
#.#.###)#.# #...#
#.#.. #######(###
#.....(# # #.###### #
#.# #


You could see a jelly.

Vanquished Creatures
  An orc warrior (D:6)
  An ice beast (D:7)
  An ogre (D:6)
  3 phantoms
  2 centaurs
  Blork the orc (D:5)
  3 scorpions (D:6)
  A howler monkey (D:5)
  A crimson imp (D:5)
  A quasit (D:5)
  A bullfrog skeleton (D:5)
  A centaur skeleton (D:4)
  Crazy Yiuf (D:6)
  3 hounds
  A jelly (D:6)
  An orc wizard (D:3)
  2 worker ants
  A hound skeleton (D:5)
  A howler monkey skeleton (D:5)
  2 adders (D:6)
  A shadow imp (D:5)
  2 oozes
  5 worms
  3 dart slugs
  A leopard gecko (D:3)
  12 orcs
  2 giant cockroaches
  8 goblins
  6 hobgoblins
  7 jackals (D:1)
  3 quokkas
  3 bats
  4 frilled lizards
  8 kobolds
  A leopard gecko skeleton (D:4)
  9 rats
104 creatures vanquished.

Notes
Turn   | Place    | Note
-------+----------+-------------------------------------------
     0 | D:1      | Artanis the Hill Orc Fighter began the quest for the Orb.
     0 | D:1      | Reached XP level 1. HP: 19/19 MP: 1/1
    67 | D:1      | Reached XP level 2. HP: 17/27 MP: 2/2
   604 | D:1      | Reached XP level 3. HP: 33/33 MP: 3/3
  1224 | D:2      | Found a faded altar of an unknown god.
  1930 | D:2      | Reached XP level 4. HP: 41/41 MP: 4/4
  2635 | D:3      | You fall through a shaft for 2 floors!
  2635 | D:5      | Entered Level 5 of the Dungeon
  2635 | D:5      | Found a staircase to the Ecumenical Temple.
  2638 | Temple   | Entered the Ecumenical Temple
  2735 | Temple   | Became a worshipper of Trog the Wrathful
  2821 | D:5      | Reached XP level 5. HP: 46/47 MP: 5/5
  2830 | D:5      | Found Quraunuph's Jewellery Shoppe.
  2849 | D:4      | Noticed a phantom
  2864 | D:4      | Killed a phantom
  2864 | D:4      | Reached skill level 5 in Fighting
  3272 | D:3      | Reached skill level 5 in Armour
  3359 | D:3      | Reached skill level 5 in Axes
  3359 | D:3      | Reached XP level 6. HP: 47/56 MP: 6/6
  3679 | D:5      | Reached * piety under Trog
  3696 | D:5      | Noticed Blork the orc
  3723 | D:5      | Killed Blork the orc
  3723 | D:5      | Reached XP level 7. HP: 27/63 MP: 7/7
  4048 | D:5      | Found Goenosh's Book Shoppe.
  4065 | D:5      | Found Qotoippo's Antique Weapon Shop.
  4124 | D:5      | Found Reca Sui's General Store.
  4504 | D:6      | Reached skill level 1 in Crossbows
  4845 | D:6      | Reached XP level 8. HP: 54/71 MP: 8/8
  5178 | D:6      | Found a runed translucent door.
  5179 | D:6      | Noticed Crazy Yiuf
  5218 | D:6      | Found Ceral's Weapon Shoppe.
  5418 | D:6      | Found a sacrificial altar of Ru.
  5520 | D:6      | Killed Crazy Yiuf
  5878 | D:7      | HP: 1/74 [acid (3)]
  5878 | D:7      | Slain by a jelly

Skill      XL: |  1  2  3  4  5  6  7  8 |
---------------+-------------------------+-----
Axes           | 3 4 5 6 7 |  7.8
Fighting       | 4 5 6 7 |  7.7
Armour         | 4 5 6 7 |  7.1
Crossbows      | 1 3 |  3.0
Shields        | |  3.2

Action                   |  1- 3 |  4- 6 |  7- 9 || total
-------------------------+-------+-------+-------++-------
Melee: War axe           |   126 |   132 |    98 ||   356
 Fire: Hand crossbow     |       |       |    77 ||    77
  Use: Scroll            |       |     5 |       ||     5
       Potion            |       |     1 |       ||     1
  Eat: Ration            |     1 |     2 |     2 ||     5
Armor: Scale mail        |    58 |    74 |    26 ||   158
       Plate armour      |       |       |    22 ||    22
Dodge: Dodged            |    38 |    35 |    28 ||   101
Block: Shield            |    62 |    74 |    51 ||   187
